 Dungeon Crawl Stone Soup version 0.24-a0-789-g35933f4585 (webtiles) character file.

Game seed: 9994221286053732557, levelgen mode: deterministic

192 Heliosone the Shooter (level 5, 0/46 HPs)
             Began as a Centaur Arcane Marksman on Oct 10, 2019.
             Slain by an orc wizard
             ... wielding a +0 dagger
              (2 damage)
             ... on level 4 of the Dungeon.
             The game lasted 00:08:43 (4159 turns).

Heliosone the Shooter (Centaur Arcane Marksman)     Turns: 4159, Time: 00:08:44

Health: 0/46       AC:  4    Str: 13    XL:     5   Next: 42%
Magic:  6/6        EV:  9    Int: 12    God:
Gold:   155        SH:  0    Dex: 10    Spells: 5/6 levels left

rFire    . . .     SeeInvis .   b - +1 falchion (holy)
rCold    . . .     Gourm    .   (no shield)
rNeg     . . .     Faith    .   e - +0 robe
rPois    .         Spirit   .   (no helmet)
rElec    .         Reflect  .   (no cloak)
rCorr    .         Harm     .   (no gloves)
MR       .....                  (no barding)
Stlth    ..........             (no amulet)
HPRegen  0.15/turn              m - ring of wizardry
MPRegen  0.10/turn              (no ring)

@: confused, very quick
A: large, hooves 3, deformed body, speed 2, tough skin 3
a: no special abilities


You were on level 4 of the Dungeon.
You were hungry.

You visited 1 branch of the dungeon, and saw 4 of its levels.

You collected 155 gold pieces.

Inventory:

Hand Weapons
 a - a +0 shortbow
 b - a +1 falchion of holy wrath (weapon)
 r - a +1 dagger of protection
Missiles
 d - 111 arrows
 u - 15 poisoned darts (quivered)
Armour
 e - a +0 robe (worn)
Jewellery
 g - an uncursed amulet of magic regeneration
 m - a ring of wizardry (left hand)
 n - an uncursed amulet of guardian spirit
Wands
 q - a wand of digging (5)
Scrolls
 h - 6 scrolls of remove curse
 j - 2 scrolls of blinking
 k - a scroll of random uselessness {unknown}
 o - 2 scrolls of teleportation
 p - a scroll of fog {unknown}
 s - a scroll of amnesia
 v - 2 scrolls of identify
 x - a scroll of enchant armour {unknown}
 y - 2 scrolls of noise {unknown}
Potions
 c - 2 potions of magic
 i - 4 potions of curing
 l - 3 potions of haste
 t - a potion of cancellation {unknown}
 z - a potion of heal wounds {unknown}
Comestibles
 f - 10 rations
 w - 2 chunks of flesh


   Skills:
 + Level 4.2 Fighting
 + Level 5.1 Bows
 - Level 1.3 Dodging
 - Level 1.0 Spellcasting
 - Level 2.6 Hexes


You had 5 spell levels left.
You knew the following spells:

 Your Spells              Type           Power        Failure   Level  Hunger
a - Corona                Hex            #......      4%          1    ##.....

Your spell library contained the following spells:

 Spells                   Type           Power        Failure   Level  Hunger
 Slow                     Hex            #.......     6%          2    ###....
 Inner Flame              Hex/Fire       #.......     21%         3    ####...
 Portal Projectile        Hex/Tloc       #.....       21%         3    ####...
 Cause Fear               Hex            #.........   36%         4    #####..
 Leda's Liquefaction      Hex/Erth       #.........   52%         4    #####..


Dungeon Overview and Level Annotations

Branches:
Dungeon (4/15)
 Temple: D:4-7

Altars:

Shops:
D:4 *

Annotations:
D:4 1 runed translucent door, Kohma's ghost, amateur MfSu


Innate Abilities, Weirdness & Mutations

You have hooves in place of feet.
Armour fits poorly on your strangely shaped body.
You cover ground very quickly.
You have extremely tough skin. (AC +3)


Message History

The orc is almost dead.
The orc hits you with a +0 club.
* * * LOW HITPOINT WARNING * * *
You completely miss something.
You feel less confused.
You hear some strange, mumbled words.
A puff of flame appears from out of thin air!
The puff of flame hits you!
* * * LOW HITPOINT WARNING * * *
The orc barely misses you.
You riposte.
You hit the orc.
You kill the orc!
Something hits you but does no damage.
You closely miss something. Something hits you.
* * * LOW HITPOINT WARNING * * *
You barely miss something. Something hits you but does no damage.
You barely miss something. Your kick misses something.
You hear some strange, mumbled words.
You are confused.
Something hits you.
You die...

....#..........#.....#.....#.....
....+..........#.....#.....######
....#..........#.....#...........
#####..........#.....#...........
...............#######...........
.................................
.................................
............)((..)..............#
.....#+########.@{..............#
.....# ......#............[....#
.....# ......###..###..........+
.....# ..........##W##.........#
.....# .........##...##........#
.....# .##+###.##.....##.......#
.....##+###.(.#.#⌠.%♣!.⌠#.......#
.....#...#....#.##.....##.......#
.....#...#.......##...##........#


You could see Kohma's ghost.

Vanquished Creatures
  A bullfrog skeleton (D:4)
  An orc priest (D:3)
  A hound (D:4)
  A howler monkey skeleton (D:4)
  3 adders
  2 leopard geckos (D:2)
  9 orcs
  5 giant cockroaches
  3 goblins
  7 hobgoblins
  2 jackals (D:1)
  4 kobolds
  9 bats
  3 frilled lizards
  10 rats
61 creatures vanquished.

Notes
Turn   | Place    | Note
-------+----------+-------------------------------------------
     0 | D:1      | Heliosone the Centaur Arcane Marksman began the quest for
                  | the Orb.
     0 | D:1      | Reached XP level 1. HP: 16/16 MP: 2/2
   482 | D:1      | Reached XP level 2. HP: 18/24 MP: 3/3
  1575 | D:2      | Reached skill level 3 in Bows
  1575 | D:2      | Reached XP level 3. HP: 30/30 MP: 4/4
  1985 | D:3      | Reached XP level 4. HP: 16/38 MP: 5/5
  2714 | D:3      | Reached skill level 4 in Bows
  3752 | D:4      | Reached XP level 5. HP: 45/46 MP: 6/6
  3781 | D:4      | Noticed Kohma's ghost (amateur MfSu)
  3784 | D:4      | Found a runed translucent door.
  3865 | D:4      | Reached skill level 5 in Bows
  3990 | D:4      | Found Soisim's Elemental Accessories.
  4156 | D:4      | HP: 2/46 [something (1)]
  4159 | D:4      | Slain by an orc wizard

Levels and vault maps discovered:
D:1:      eino_arrival_cavern_a, layout_rooms
D:2:      layout_rooms
D:3:      layout_loops_cross, minmay_hedge_maze
D:4:      layout_gridville, first_ration, hellmonk_ghost_happy_afterlife,
          nicolae_elemental_shop

Skill      XL: |  1  2  3  4  5 |
---------------+----------------+-----
Fighting       | 2 3 4 |  4.2
Bows           | 3 4 5 |  5.1
Dodging        | |  1.3
Spellcasting   | |  1.0
Hexes          | |  2.6

Action                   |  1- 3 |  4- 6 || total
-------------------------+-------+-------++-------
Melee: Unarmed           |    97 |       ||    97
       Kick              |    20 |    28 ||    48
       Falchion          |    41 |   114 ||   155
 Fire: Shortbow          |       |    27 ||    27
  Use: Scroll            |       |     8 ||     8
  Eat: Chunk             |     3 |     5 ||     8
Armor: Robe              |    68 |    45 ||   113
Dodge: Dodged            |    78 |    67 ||   145
       Rpst.: Falchion   |     4 |    20 ||    24

Table legend:
 A = Non-vault XP
 B = Vault XP
 C = Vault XP percentage of total XP
 D = Non-vault monster count
 E = Vault monster count
 F = Vault count percentage of total count
                 A         B        C        D         E       F
            +---------+---------+-------+---------+---------+-------
      Total |     275 |       0 |   0.0 |      61 |       0 |   0.0
            +---------+---------+-------+---------+---------+-------
        D:1 |      20 |       0 |   0.0 |      14 |       0 |   0.0
        D:2 |      32 |       0 |   0.0 |      12 |       0 |   0.0
        D:3 |      92 |       0 |   0.0 |      24 |       0 |   0.0
        D:4 |     131 |       0 |   0.0 |      11 |       0 |   0.0
            +---------+---------+-------+---------+---------+-------
